 Dungeon Crawl Stone Soup version 0.23-a0-650-ga4d50d4 (webtiles) character file.

23761 Ereth the Spear-Bearer (level 12, 0/108 HPs)
             Began as a Minotaur Fighter on Jan 5, 2019.
             Was a High Priest of Fedhas.
             Slain by a fire elemental (3 damage)
             ... led by Azrael
             ... on level 11 of the Dungeon.
             The game lasted 00:50:10 (15599 turns).

Ereth the Spear-Bearer (Minotaur Fighter)          Turns: 15599, Time: 00:50:12

Health: 0/108      AC: 20    Str: 22 (25) XL:     12   Next: 74%
Magic:  13/13      EV: 23    Int:  3 (5)  God:    Fedhas [*****.]
Gold:   832        SH: 13    Dex: 12 (14) Spells: 11/11 levels left

rFire    . . .     SeeInvis .   v - +2 demon trident (elec)
rCold    . . .     Gourm    .   c - +0 shield
rNeg     . . .     Faith    .   h - +0 plate armour
rPois    +         Spirit   .   m - +0 hat
rElec    .         Reflect  .   O - +0 cloak {rPois}
rCorr    .         Harm     .   L - +0 pair of gloves
MR       .....                  e - +0 pair of boots
Stlth    ..........             w - amulet of the acrobat
HPRegen  0.28/turn              N - +3 ring of dexterity
MPRegen  0.13/turn              D - ring of poison resistance

@: acrobat
A: retaliatory headbutt, horns 2
a: Fungal Bloom, Sunlight, Evolution, Growth, Reproduction, Rain, Renounce
Religion


You were on level 11 of the Dungeon.
You worshipped Fedhas.
Fedhas was extremely pleased with you.
You were not hungry.

You visited 2 branches of the dungeon, and saw 13 of its levels.
You also visited: Sewer.

You collected 832 gold pieces.

Inventory:

Hand Weapons
 a - a +3 trident
 s - a +3 spear
 v - a +2 demon trident of electrocution (weapon)
Missiles
 z - 2 throwing nets (quivered)
 S - 8 tomahawks
Armour
 c - a +0 shield (worn)
 e - a +0 pair of boots (worn)
 h - a +0 plate armour (worn)
 m - a +0 hat (worn)
 L - a +0 pair of gloves (worn)
 O - a +0 cloak of poison resistance (worn)
Jewellery
 q - an uncursed ring of see invisible
 w - an amulet of the acrobat (around neck)
 y - an uncursed amulet of faith
 D - a ring of poison resistance (right hand)
 J - an uncursed ring of protection from cold
 N - a +3 ring of dexterity (left hand)
Wands
 b - a wand of flame (9)
 k - a wand of polymorph (7)
 l - a wand of clouds (2)
 p - a wand of digging (7)
 r - a wand of iceblast (21)
 G - a wand of random effects (32)
 R - a wand of acid (8)
 T - a wand of enslavement (7)
Scrolls
 d - 2 scrolls of remove curse
 g - a scroll of fog
 t - 3 scrolls of magic mapping
 u - 3 scrolls of amnesia
 F - 5 scrolls of fear
 Z - a scroll of holy word
Potions
 i - 2 potions of haste
 n - 2 potions of resistance
 o - a potion of mutation
 x - 2 potions of curing
 A - 2 potions of lignification
 H - a potion of brilliance {unknown}
 I - a potion of cancellation {unknown}
 K - a potion of flight {unknown}
 P - a potion of ambrosia {unknown}
 Y - a potion of invisibility {unknown}
Miscellaneous
 U - a phial of floods (inert)
Comestibles
 f - 39 rations


   Skills:
 + Level 10.8 Fighting
 + Level 14.1 Polearms
 + Level 2.6 Throwing
 + Level 11.9 Armour
 + Level 2.5 Dodging
 + Level 4.0 Stealth
 + Level 12.6 Shields
 + Level 1.0 Unarmed Combat
 + Level 3.0 Evocations


You had 11 spell levels left.
You didn't know any spells.
Your spell library contained the following spells:

 Spells                   Type           Power        Failure   Level  Hunger
 Freeze                   Ice            #...         100%        1    ##.....
 Magic Dart               Conj           #...         100%        1    ##.....
 Blink                    Tloc           N/A          100%        2    ###....
 Call Imp                 Summ           #.......     100%        2    ###....
 Searing Ray              Conj           #.....       100%        2    ###....
 Slow                     Hex            #.......     100%        2    ###....
 Throw Frost              Conj/Ice       #.....       100%        2    ###....
 Conjure Flame            Conj/Fire      #.......     100%        3    ####...
 Dazzling Spray           Conj/Hex       #.....       100%        3    ####...
 Mephitic Cloud           Conj/Pois/Air  #.......     100%        3    ####...
 Ozocubu's Armour         Chrm/Ice       #.......     100%        3    ####...
 Static Discharge         Conj/Air       #.......     100%        3    ####...
 Force Lance              Conj/Tloc      #.......     100%        4    #####..
 Fulminant Prism          Conj/Hex       #.........   100%        4    #####..
 Ice Form                 Ice/Tmut       #.......     100%        4    #####..
 Iskenderun's Mystic Bla  Conj           #.......     100%        4    #####..
 Summon Ice Beast         Ice/Summ       #.......     100%        4    #####..
 Throw Icicle             Conj/Ice       #.......     100%        4    #####..
 Lightning Bolt           Conj/Air       #.........   100%        5    ######.
 Metabolic Englaciation   Hex/Ice        #.........   100%        5    ######.
 Bolt of Cold             Conj/Ice       #.........   100%        6    #######
 Freezing Cloud           Conj/Ice/Air   #.........   100%        6    #######
 Ozocubu's Refrigeration  Ice            #.........   100%        6    #######
 Simulacrum               Ice/Necr       #.........   100%        6    #######
 Ignition                 Fire           #.........   100%        8    #######
 Shatter                  Erth           #.........   100%        9    #######
 Tornado                  Air            #.........   100%        9    #######


Dungeon Overview and Level Annotations

Branches:
Dungeon (12/15)            Temple (1/1) D:5            Lair (0/6) D:8
    Orc (0/2) D:10

Altars:
Ashenzari
Cheibriados
Dithmenos
Elyvilon
Fedhas
Gozag
Hepliaklqana
Kikubaaqudgha
Makhleb
Nemelex Xobeh
Okawaru
Qazlal
Ru
Sif Muna
Trog
Uskayaw
Vehumet
Wu Jian
Xom
Yredelemnul
Zin
The Shining One

Shops:
D:10 =

Annotations:
D:12 Azrael


Innate Abilities, Weirdness & Mutations

You reflexively headbutt those who attack you in melee.
You have a pair of horns on your head.


Message History

The fire elemental closely misses you. The fire elemental barely misses you.
You block the fire elemental's attack. x2
There is a stone staircase leading up here.
The fire elemental hits you. The fire elemental burns you!
* * * LOW HITPOINT WARNING * * *
You block the fire elemental's attack.
You climb upwards.
Fedhas's fungi set to work.
Fedhas appreciates ongoing decay.
There is a stone staircase leading down here.
As you read the scroll labeled KEXIR SIUCIPT, it crumbles to dust.
Wisps of shadow whirl around you...
It was a scroll of summoning.
You block the fire elemental's attack. x2; The fire elemental hits you.
The fire elemental burns you!
* * * LOW HITPOINT WARNING * * *
The fire elemental hits you. The fire elemental burns you!
* * * LOW HITPOINT WARNING * * *
The fire elemental hits you. The fire elemental burns you!
You die...
Fedhas appreciates your contribution to the ecosystem.

.....####.# ..........#
.....###### .....#
.....# .#####
.########## #########
.##.......# #..E.J..#
.##.#####.# #.○E@O..#
###.#####.###.#####.#
##...............##.####
#..)#####.###.##.......#
.#)).####.# #.#####.##.#
##........# #.......##.#
.###.#.#### #..<....##.#
#.#.##.# ##########.#
##.###.# ###.#


You could see 2 fire elementals, a friendly two-headed ogre and a friendly
jelly.

Vanquished Creatures
  Harold (D:8)
  A hydra (D:11)
  5 two-headed ogres
  A tengu warrior (D:12)
  A queen ant (D:11)
  Urug (D:12)
  Nergalle (D:11)
  Pikel (D:5)
  2 manticores
  A cyclops (D:11)
  Psyche (D:9)
  A gargoyle (D:11)
  A merfolk (D:9)
  2 trolls (D:10)
  2 dream sheep (D:11)
  3 hippogriffs
  Sigmund (D:4)
  A wraith (D:10)
  5 wyverns (D:9)
  2 hogs
  Eustachio (D:5)
  A fire elemental (D:12)
  16 yaks
  3 wargs (D:8)
  Edmund (D:5)
  An acid dragon (D:12)
  3 hell hounds (D:12)
  8 soldier ants (D:11)
  6 orc warriors
  A sky beast (D:12)
  A phantom (D:10)
  8 black bears
  A necrophage (D:8)
  6 ogres
  5 centaurs
  Blork the orc (D:4)
  8 bullfrogs
  5 big kobolds
  3 gnoll sergeants (D:9)
  4 scorpions
  17 killer bees
  8 electric eels (D:9)
  8 wights
  2 howler monkeys
  4 crimson imps
  11 hounds
  A quasit (D:9)
  A jelly (D:10)
  4 bullfrog skeletons
  4 orc priests
  Ijyb (D:4)
  A centaur skeleton (D:11)
  A gnoll shaman (D:9)
  8 orc wizards
  Natasha (thrice) (D:4)
  3 iguanas
  26 worker ants
  A killer bee zombie (D:8)
  2 worker ant zombies
  8 gnolls
  A howler monkey skeleton (D:8)
  17 adders
  2 shadow imps
  An adder skeleton (D:9)
  5 worms
  2 dart slugs
  7 leopard geckos
  36 orcs
  3 giant cockroaches
  4 goblins
  8 hobgoblins
  11 jackals
  9 kobolds
  5 quokkas
  4 ball pythons (D:3)
  14 bats
  5 frilled lizards
  A giant cockroach zombie (D:5)
  2 leopard gecko skeletons (D:4)
  A quokka skeleton (D:4)
  A quokka zombie (D:7)
  14 rats
384 creatures vanquished.

Vanquished Creatures (collateral kills)
  A jackal (D:8)
1 creature vanquished.

Vanquished Creatures (others)
  An unseen horror (D:11)
  3 slaves (D:5)
  A jelly (D:12)
  A leopard gecko skeleton (D:5)
  A bush (D:9)
  97 plants (D:9)
  284 toadstools
388 creatures vanquished.

Grand Total: 773 creatures vanquished

Notes
Turn   | Place    | Note
-------+----------+-------------------------------------------
     0 | D:1      | Ereth the Minotaur Fighter began the quest for the Orb.
     0 | D:1      | Reached XP level 1. HP: 19/19 MP: 0/0
   228 | D:1      | Reached XP level 2. HP: 26/27 MP: 1/1
   471 | D:1      | Reached XP level 3. HP: 31/33 MP: 2/2
   988 | D:2      | Reached skill level 3 in Polearms
  1380 | D:2      | Reached XP level 4. HP: 25/40 MP: 3/3
  1761 | D:2      | Reached skill level 5 in Shields
  1990 | D:2      | Reached XP level 5. HP: 43/46 MP: 4/4
  2495 | D:3      | Noticed an ogre
  2503 | D:3      | Killed an ogre
  2503 | D:3      | Reached skill level 4 in Polearms
  2503 | D:3      | Reached skill level 5 in Armour
  2648 | D:3      | Found a glowing drain.
  2668 | Sewer    | Entered a sewer
  2704 | Sewer    | Noticed a crocodile
  2711 | Sewer    | Noticed a black bear
  2711 | Sewer    | a crocodile changed into a black bear
  2717 | Sewer    | Killed a black bear
  2717 | Sewer    | Reached XP level 6. HP: 32/53 MP: 5/5
  2853 | Sewer    | Got a steaming chain mail
  3059 | D:4      | Found an ancient bone altar of Kikubaaqudgha.
  3059 | D:4      | Found a sacrificial altar of Ru.
  3059 | D:4      | Noticed Natasha
  3067 | D:4      | Killed Natasha
  3068 | D:4      | Found a glowing golden altar of the Shining One.
  3096 | D:4      | Reached skill level 5 in Polearms
  3178 | D:4      | Noticed Blork the orc
  3188 | D:4      | Killed Blork the orc
  3194 | D:4      | Noticed Natasha
  3202 | D:4      | Killed Natasha
  3358 | D:4      | Reached XP level 7. HP: 56/60 MP: 6/6
  3432 | D:4      | Noticed Sigmund
  3451 | D:4      | Noticed a hog
  3451 | D:4      | a soldier ant changed into a hog
  3455 | D:4      | Killed a hog
  3455 | D:4      | Reached skill level 6 in Polearms
  3455 | D:4      | Reached skill level 1 in Stealth
  3465 | D:4      | Killed Sigmund
  3465 | D:4      | Reached skill level 5 in Fighting
  3773 | D:4      | Reached skill level 1 in Evocations
  3851 | D:4      | Noticed Ijyb
  3877 | D:4      | Killed Ijyb
  4003 | D:4      | Reached XP level 8. HP: 64/68 MP: 8/8
  4003 | D:4      | Noticed Natasha
  4007 | D:4      | Killed Natasha
  4007 | D:4      | Reached skill level 1 in Unarmed Combat
  4188 | D:5      | Entered Level 5 of the Dungeon
  4237 | D:5      | Reached skill level 7 in Polearms
  4405 | D:5      | Found a staircase to the Ecumenical Temple.
  4405 | D:5      | Noticed Pikel
  4436 | D:5      | Killed Pikel
  4436 | D:5      | Reached skill level 8 in Polearms
  4436 | D:5      | Reached skill level 1 in Dodging
  4659 | Temple   | Entered the Ecumenical Temple
  4904 | Temple   | Became a worshipper of Fedhas Madash
  5443 | D:5      | Noticed Eustachio
  5467 | D:5      | Killed Eustachio
  5467 | D:5      | Reached XP level 9. HP: 75/75 MP: 9/9
  5704 | D:5      | Noticed Edmund
  5721 | D:5      | Killed Edmund
  6276 | D:6      | Found a snail-covered altar of Cheibriados.
  6649 | D:7      | Reached skill level 9 in Polearms
  7090 | D:8      | Noticed Harold
  7133 | D:8      | Killed Harold
  7133 | D:8      | Reached skill level 10 in Polearms
  7134 | D:8      | Reached * piety under Fedhas
  7591 | D:8      | Found a staircase to the Lair.
  7606 | D:8      | Reached XP level 10. HP: 74/88 MP: 10/10
  8320 | D:8      | Identified a scroll of acquirement
  8359 | D:9      | Noticed Psyche
  8382 | D:9      | Reached ** piety under Fedhas
  8627 | D:9      | Noticed a two-headed ogre
  8636 | D:9      | Reached skill level 11 in Polearms
  8899 | D:9      | Killed a two-headed ogre
  9262 | D:9      | Found an opulent altar of Gozag.
  9572 | D:9      | Killed Psyche
  9861 | D:8      | Reached skill level 10 in Shields
 10275 | D:9      | Reached XP level 11. HP: 86/95 MP: 11/11
 10326 | D:9      | Reached skill level 10 in Armour
 10544 | D:9      | Reached *** piety under Fedhas
 10908 | D:9      | Noticed a two-headed ogre
 10914 | D:9      | Killed a two-headed ogre
 10981 | D:9      | Noticed a two-headed ogre
 10981 | D:9      | Noticed a two-headed ogre
 11001 | D:9      | Killed a two-headed ogre
 11007 | D:9      | Killed a two-headed ogre
 11007 | D:9      | Reached skill level 12 in Polearms
 11594 | D:9      | Reached **** piety under Fedhas
 12377 | D:10     | Entered Level 10 of the Dungeon
 12489 | D:10     | Got heavily runed fire dragon scales
 12501 | D:10     | Identified the +5 fire dragon scales of Nobility {-Cast
                  | rF++ rC- Regen+ Str-4 Int+9} (You found it on level 10 of
                  | the Dungeon)
 12574 | D:10     | Found a staircase to the Orcish Mines.
 12772 | D:10     | Found a deep blue altar of Sif Muna.
 12976 | D:10     | Found Fyowoa's Jewellery Shoppe.
 13094 | D:10     | Reached skill level 1 in Throwing
 13455 | D:11     | Noticed a queen ant
 13462 | D:11     | Killed a queen ant
 13462 | D:11     | Reached XP level 12. HP: 99/106 MP: 13/13
 13472 | D:11     | Reached skill level 13 in Polearms
 13473 | D:11     | Noticed Nergalle
 13489 | D:11     | Killed Nergalle
 13489 | D:11     | Reached skill level 10 in Fighting
 13512 | D:11     | Reached ***** piety under Fedhas
 14441 | D:11     | Noticed a three-headed hydra
 14446 | D:11     | Killed a three-headed hydra
 14570 | D:12     | Noticed a tengu warrior
 14583 | D:12     | Killed a tengu warrior
 14815 | D:12     | Noticed Urug
 14829 | D:12     | Killed Urug
 14835 | D:12     | Reached skill level 14 in Polearms
 14897 | D:12     | Noticed a two-headed ogre
 15077 | D:12     | Noticed Azrael
 15088 | D:12     | HP: 5/108 [burnt (3)]
 15096 | D:12     | HP: 2/108 [two-headed ogre/+0 giant spiked club (5)]
 15100 | D:12     | Killed a two-headed ogre
 15598 | D:11     | HP: 4/108 [fire elemental[Azrael] (6)]
 15599 | D:11     | Slain by a fire elemental

Vault maps used:
D:1:      dpeg_arrival_ratfight, minmay_small_reverse_x
D:2:      first_ration, minmay_randomly_rotated_circles
D:3:      portal_sewer_entry_a
D:4:      chequers_temple_overflow_statue_of_worship, uniq_sigmund, uniq_ijyb,
          uniq_natasha, uniq_blork_the_orc
D:5:      minmay_temple_entry_statues, uniq_edmund, uniq_pikel, uniq_eustachio
D:6:      kennysheep_mini
D:8:      erik_lair_orcish_takeover, uniq_harold
D:9:      kennysheep_town, uniq_psyche
D:10:     david_orc_2, serial_shops, shop, basic_altar
D:11:     cheibrodos_helix_gallery, hangedman_ranch, minmay_another_anthill,
          uniq_nergalle
D:12:     uniq_urug, uniq_azrael
Temple:   dpeg_five_rooms_temple
Sewer:    sewer_big_baddie

Skill      XL: |  1  2  3  4  5  6  7  8  9 10 11 12 |
---------------+-------------------------------------+-----
Shields        | 4 5 6 7 8 10 11 12 | 12.6
Armour         | 4 5 7 8 9 11 | 11.9
Fighting       | 4 5 6 7 8 9 10 | 10.8
Polearms       | 3 4 5 6 8 10 11 12 14 | 14.1
Stealth        | 2 3 4 |  4.0
Evocations     | 1 2 3 |  3.0
Unarmed Combat | 1 |  1.0
Dodging        | 1 2 |  2.5
Throwing       | 1 2 |  2.6

Action                   |  1- 3 |  4- 6 |  7- 9 | 10-12 || total
-------------------------+-------+-------+-------+-------++-------
Melee: Trident           |   114 |   165 |   331 |   562 ||  1172
       Headbutt          |     7 |    31 |    71 |   189 ||   298
       Unarmed           |       |       |    11 |       ||    11
       Demon trident     |       |       |       |   229 ||   229
Throw: Tomahawk          |       |       |       |    21 ||    21
       Throwing net      |       |       |       |     6 ||     6
Invok: Fungal Bloom      |       |       |    17 |    64 ||    81
 Abil: Evoke Flight      |       |       |       |     1 ||     1
Evoke: Wand              |       |     5 |     5 |    18 ||    28
       Phial of floods   |       |       |       |     1 ||     1
  Use: Scroll            |     1 |     5 |    10 |    16 ||    32
       Potion            |       |       |     2 |     9 ||    11
 Stab: Paralysed         |       |     4 |     8 |     8 ||    20
       Held in net/web   |       |       |       |     1 ||     1
  Eat: Chunk             |     1 |     6 |     2 |     1 ||    10
       Ration            |       |     1 |     3 |     7 ||    11
Armor: Scale mail        |     8 |       |       |       ||     8
       Plate armour      |   105 |   118 |   144 |   356 ||   723
       Skin              |       |       |     1 |       ||     1
Dodge: Dodged            |    53 |    23 |    56 |   254 ||   386
Block: Shield            |    85 |    88 |   169 |   492 ||   834

Table legend:
 A = Non-vault XP
 B = Vault XP
 C = Vault XP percentage of total XP
 D = Non-vault monster count
 E = Vault monster count
 F = Vault count percentage of total count
                 A         B        C        D         E       F
            +---------+---------+-------+---------+---------+-------
      Total |   13998 |   19947 |  58.8 |     251 |     134 |  34.8
            +---------+---------+-------+---------+---------+-------
        D:1 |      40 |      11 |  21.6 |      23 |       9 |  28.1
        D:2 |     127 |      24 |  15.9 |      30 |       6 |  16.7
        D:3 |     131 |       6 |   4.4 |       6 |       5 |  45.5
        D:4 |     642 |     401 |  38.4 |      25 |       4 |  13.8
        D:5 |     454 |    1028 |  69.4 |      14 |       3 |  17.6
        D:6 |     115 |       0 |   0.0 |       7 |       0 |   0.0
        D:7 |     224 |       0 |   0.0 |       8 |       0 |   0.0
        D:8 |    1335 |    1828 |  57.8 |      28 |      10 |  26.3
        D:9 |    3392 |    9089 |  72.8 |      47 |      41 |  46.6
       D:10 |    2020 |     148 |   6.8 |      21 |       7 |  25.0
       D:11 |    2061 |    5813 |  73.8 |      23 |      38 |  62.3
       D:12 |    3457 |    1469 |  29.8 |      19 |       5 |  20.8
      Sewer |       0 |     130 | 100.0 |       0 |       6 | 100.0
            +---------+---------+-------+---------+---------+-------
